 Dungeon Crawl Stone Soup version 0.29-a0-214-g17f627cfee (webtiles) character file.

Game seed: 11180100850456929381

893 Snarg the Firebug (level 7, -6/56 HPs)
             Began as a Demigod Wanderer on Feb 24, 2022.
             Mangled by Duvessa
             ... wielding a +0 rapier
              (13 damage)
             ... on level 4 of the Dungeon on Feb 25, 2022.
             The game lasted 00:25:16 (5753 turns).

Snarg the Firebug (Demigod Wanderer)                Turns: 5753, Time: 00:25:16

Health: -6/56      AC:  5    Str: 12    XL:     7   Next: 49%
Magic:  6/13       EV: 16    Int: 22    God:
Gold:   193        SH:  0    Dex: 14    Spells: 5/10 levels left

rFire   + . .      SeeInvis .   d - +1 dagger (venom)
rCold   x . .      Faith    .   (no shield)
rNeg    . . .      Spirit   .   b - +0 robe
rPois   .          Reflect  .   c - +0 helmet
rElec   .          Harm     .   i - +1 cloak
rCorr   .          Rampage  .   (no gloves)
Will    .....                   (no boots)
Stlth   ++........              (no amulet)
HPRegen 0.18/turn               m - +4 ring of evasion
MPRegen 0.13/turn               e - ring of fire

@: about to teleport
A: high MP 1, forlorn, divine attributes
a: no special abilities


You were on level 4 of the Dungeon.
You visited 1 branch of the dungeon, and saw 5 of its levels.

You collected 193 gold pieces.

Inventory:

Hand Weapons
 a - a +0 dagger
 d - a +1 dagger of venom (weapon)
 p - a +0 rapier
Missiles
 f - 5 boomerangs
 h - 112 stones (quivered)
 l - 2 datura-tipped darts
 r - 13 poisoned darts
 v - 8 atropa-tipped darts
Armour
 b - a +0 robe (worn)
 c - a +0 helmet (worn)
 g - a +3 chain mail
 i - a +1 cloak (worn)
 j - the +6 scale mail of Emufry {rC++ rN++ MP-9 Int+3}
   (You found it on level 4 of the Dungeon)

   Int:       It affects your intelligence (+3).
   rC:        It greatly protects you from cold.
   rN:        It greatly protects you from negative energy.
   MP:        It affects your magic capacity (-9).
Jewellery
 e - a ring of fire (right hand)
 m - a +4 ring of evasion (left hand)
Wands
 k - a wand of flame (30)
 B - a wand of iceblast (7)
Scrolls
 n - a scroll of teleportation
 q - 2 scrolls of enchant weapon
 t - a scroll of fear {unknown}
 w - 2 scrolls of identify
 y - a scroll of fog {unknown}
Potions
 u - 2 potions of curing {unknown}
 x - a potion of invisibility {unknown}
 z - a potion of brilliance {unknown}


   Skills:
 * Level 2.5 Fighting
 + Level 2.4 Short Blades
 - Level 1.0 Armour
 + Level 2.8 Dodging
 + Level 2.1 Stealth
 - Level 2.0 Spellcasting
 * Level 3.5 Conjurations
 - Level 1.0 Transmutations
 * Level 4.7 Fire Magic
 - Level 3.0 Poison Magic
 + Level 1.0 Evocations


You had 5 spell levels left.
You knew the following spells:

 Your Spells              Type           Power      Damage    Failure   Level
a - Foxfire               Conj/Fire      100%       2x1d9     2%          1
b - Sting                 Tmut/Pois      44%        1d5       6%          1
c - Conjure Flame         Conj/Fire      30%        6-21      8%          3

Your spell library contained the following spells:

 Spells                   Type           Power      Damage    Failure   Level
 Mephitic Cloud           Conj/Pois/Air  11%        N/A       17%         3
 Sticky Flame             Conj/Fire      30%        2d5       26%         4


Dungeon Overview and Level Annotations

Branches:
Dungeon (5/15)
 Temple: D:4-7

Annotations:
D:1 clr
D:2 rtrn, dig, tele
D:3 Grinder
D:4 clr, Duvessa


Innate Abilities, Weirdness & Mutations

You have an increased reservoir of magic. (+10% MP)
You shall have no god before yourself.
Your divine heritage dramatically boosts your attributes as you level up.


Message History

Unknown command.
Unknown command.
You hit Duvessa.
Duvessa is heavily wounded.
Duvessa hits you but does no damage. Duvessa barely misses you.
You hit Duvessa but do no damage.
Duvessa is heavily wounded.
Duvessa completely misses you. Duvessa hits you with a +0 rapier!
You hit Duvessa but do no damage.
Duvessa is heavily wounded.
Duvessa misses you. Duvessa misses you.
You hit Duvessa but do no damage.
Duvessa is heavily wounded.
Duvessa misses you.
Duvessa rages.
Duvessa closely misses you.
You hit Duvessa but do no damage.
Duvessa is heavily wounded.
Duvessa hits you with a +0 rapier! Duvessa misses you.
Duvessa hits you with a +0 rapier!!
* * * LOW HITPOINT WARNING * * *
You feel much better. Duvessa hits you with a +0 rapier! Duvessa misses you.
Okay, then.
Unknown command.
Okay, then.
Unknown command.
Casting: Foxfire (safe; 2% risk of failure)
Confirm with . or Enter, or press ? or * to list all spells.
Aiming: Sting (safe; 6% risk of failure)
Press: ? - help, Shift-Dir - straight line, f - Duvessa
Aim: Duvessa, wielding a +0 rapier, wearing a +3 ring mail of poison resistance and quivering stones (heavily wounded, berserk, 79% to hit)
The sting misses Duvessa.
Duvessa hits you with a +0 rapier!
* * * LOW HITPOINT WARNING * * *
Unknown command.
As you read the scroll of teleportation, it crumbles to dust.
You feel strangely unstable. Duvessa hits you with a +0 rapier!
You die...

#........#.#.# #.....#
#.# #........#.#.#
##'#### #.#
#..........#.# #.# #.#
#########..#.# #.# #.#
#..#.# #.# #.# #..#.#
#.# #)# ##.#.# #.# #.#
#.#.# #.# #.# #.#@# #.#
#.### #..e# #.# #..))
#...# #.# ##### #...#
#.# #. #.#.# #.# #.
#.#.#####.# #.
#####+#.......# #.
#.......###############.
#......><...............


You could see Duvessa (berserk).

Vanquished Creatures
  An ice beast (D:4)
  A black bear (D:4)
  An ogre (D:4)
  A phantom (D:4)
  Dowan (D:5)
  2 howler monkeys (D:4)
  A hound (D:4)
  An orc priest (D:4)
  A jelly (D:4)
  Terence (D:3)
  An iguana (D:4)
  An orc wizard (D:4)
  10 gnolls
  7 adders
  A worm (D:2)
  2 dart slugs
  8 orcs
  9 endoplasms
  4 giant cockroaches
  4 goblins
  10 hobgoblins
  3 jackals (D:3)
  9 kobolds
  4 quokkas
  5 ball pythons
  2 bats
  6 frilled lizards
  9 rats
106 creatures vanquished.

Vanquished Creatures (others)
  201 foxfires
  4 fungi (D:3)
205 creatures vanquished.

Grand Total: 311 creatures vanquished

Notes
Turn   | Place    | Note
-------+----------+-------------------------------------------
     0 | D:1      | Snarg the Demigod Wanderer began the quest for the Orb.
     0 | D:1      | Snarg set off with the following items: a +0 dagger, a +0
                  | robe, a +0 helmet; and the following spells available to
                  | memorise: Foxfire, Sting, Conjure Flame, Mephitic Cloud,
                  | Sticky Flame
     0 | D:1      | Reached XP level 1. HP: 14/14 MP: 4/4
     2 | D:1      | Learned a level 1 spell: Foxfire
   367 | D:1      | Reached XP level 2. HP: 16/20 MP: 1/6
  1037 | D:1      | Reached skill level 4 in Fire Magic
  1360 | D:2      | Reached skill level 1 in Conjurations
  1360 | D:2      | Reached XP level 3. HP: 26/26 MP: 4/7
  1490 | D:2      | Reached skill level 1 in Stealth
  2300 | D:2      | Reached XP level 4. HP: 31/33 MP: 9/9
  2338 | D:2      | Learned a level 1 spell: Sting
  2977 | D:3      | Noticed Terence
  2994 | D:3      | Killed Terence
  3122 | D:3      | Reached XP level 5. HP: 39/39 MP: 6/10
  3178 | D:3      | Noticed Grinder
  3180 | D:3      | Paralysed by Grinder for 3 turns
  3419 | D:3      | Reached skill level 1 in Transmutations
  3495 | D:3      | Reached skill level 1 in Fighting
  3525 | D:3      | Reached skill level 1 in Short Blades
  3975 | D:3      | Paralysed by Grinder for 2 turns
  4003 | D:3      | Paralysed by Grinder for 2 turns
  4115 | D:4      | Learned a level 3 spell: Conjure Flame
  4133 | D:4      | Identified the +6 scale mail of Emufry {rC++ rN++ MP-9
                  | Int+3}
  4490 | D:4      | Reached XP level 6. HP: 44/47 MP: 7/11
  5159 | D:4      | Reached XP level 7. HP: 55/55 MP: 10/13
  5296 | D:5      | Entered Level 5 of the Dungeon
  5716 | D:5      | Noticed Dowan
  5719 | D:5      | Noticed Duvessa
  5729 | D:5      | Killed Dowan
  5749 | D:4      | HP: 2/56 [Duvessa/+0 rapier (18)]
  5753 | D:4      | Mangled by Duvessa

Illustrated notes

Levels and vault maps discovered:
D:1:      ncdulo_watergridlock, layout_loops_corners, basic_ecumenical_altar,
          nrook_uturn, minmay_door_square
D:2:      minmay_alternating_diamond, layout_basic, st_stairs_10,
          kennysheep_big_empty_room, minmay_misc_feat_tower
D:3:      layout_basic, mainiacjoe_overflow_boulevard,
          nzn_hepliaklqana_mist_gate, uniq_terence, uniq_grinder
D:4:      layout_basic, minmay_small_thing
D:5:      layout_loops_ring, mainiacjoe_overflow_catch_the_wave,
          kennysheep_generic_room_3, uniq_ijyb, uniq_duvessa

Skill      XL: |  1  2  3  4  5  6  7 |
---------------+----------------------+-----
Fire Magic     | 4 |  4.7
Conjurations   | 1 2 3 |  3.5
Stealth        | 1 2 |  2.1
Spellcasting   | 2 |  2.0
Dodging        | 2 |  2.8
Transmutations | 1 |  1.0
Fighting       | 1 2 |  2.5
Short Blades   | 1 2 |  2.4
Poison Magic   | 2 3 |  3.0
Armour         | |  1.0
Evocations     | |  1.0

Action                   |  1- 3 |  4- 6 |  7- 9 || total
-------------------------+-------+-------+-------++-------
Melee: Dagger            |    63 |    85 |    29 ||   177
       Punch             |       |       |     2 ||     2
Throw: Stone             |    17 |    25 |     1 ||    43
       Dart              |       |     5 |     3 ||     8
       Boomerang         |       |     2 |       ||     2
       Throwing net      |       |       |     1 ||     1
 Cast: Foxfire           |    42 |    72 |    18 ||   132
       Sting             |       |     4 |     4 ||     8
  Use: Scroll            |       |     8 |     3 ||    11
       Potion            |       |       |     2 ||     2
 Stab: Sleeping          |     1 |     2 |     1 ||     4
       Distracted        |       |     1 |       ||     1
Armor: Robe              |    16 |    14 |     7 ||    37
Dodge: Dodged            |    35 |    69 |    43 ||   147

Table legend: (Time is in decaauts)
 A = Elapsed time spent in this place.
 B = Non-inter-level travel time spent in this place.
 C = Inter-level travel time spent in this place.
 D = Time resting spent in this place.
 E = Time spent auto-exploring this place.
 F = Levels seen in this place.
 G = Mean time per level.
                   A        B        C        D        E       F      G
               +--------+--------+--------+--------+--------+-----+--------+
         Total |   5756 |   5183 |    573 |    573 |   3523 |   5 | 1151.2 |
       Dungeon |   5756 |   5183 |    573 |    573 |   3523 |   5 | 1151.2 |
               +--------+--------+--------+--------+--------+-----+--------+

Top non-repeatable levels by time:
     D:2: 1657 daAuts
     D:4: 1608 daAuts
     D:1: 1314 daAuts
     D:3: 1120 daAuts
     D:5: 56 daAuts
